 Dungeon Crawl Stone Soup version 0.23.2-30-g0e89c35 (webtiles) character file.

Game seed: 1592957495007501018

54 Fortress the Firebug (level 3, 0/26 HPs)
             Began as a Draconian Fire Elementalist on June 14, 2019.
             Succumbed to an adder's poison
             ... on level 1 of the Dungeon on June 15, 2019.
             The game lasted 00:06:21 (1161 turns).

Fortress the Firebug (Draconian Fire Elementalist)  Turns: 1161, Time: 00:06:22

Health: 0/26       AC:  5    Str: 10    XL:     3   Next: 66%
Magic:  0/6        EV: 12    Int: 16    God:
Gold:   7          SH:  0    Dex: 11    Spells: 5/6 levels left

rFire    . . .     SeeInvis .   d - +0 short sword
rCold    . . .     Gourm    .   (no shield)
rNeg     . . .     Faith    .   (armour unavailable)
rPois    .         Spirit   .   (helmet restricted)
rElec    .         Reflect  .   (no cloak)
rCorr    .         Harm     .   (no gloves)
MR       .....                  (no boots)
Stlth    ++........             (no amulet)
HPRegen  0.08/turn              a - ring of flight
MPRegen  0.10/turn              (no ring)

@: lethally poisoned (0 -> -7)
A: unfitting armour, cold-blooded, AC +5
a: Evoke Flight


You were on level 1 of the Dungeon.
You were hungry.

You visited 1 branch of the dungeon, and saw 2 of its levels.

You collected 7 gold pieces.

Inventory:

Hand Weapons
 d - a +0 short sword (weapon)
Missiles
 e - 35 stones (quivered)
Jewellery
 a - a ring of flight (left hand)
Scrolls
 c - a scroll of immolation {unknown}
 f - a scroll of identify {unknown}
 g - a scroll of remove curse {unknown}
Comestibles
 b - a ration
 h - a chunk of flesh


   Skills:
 - Level 2.0 Dodging
 + Level 2.4 Stealth
 - Level 0.3 Unarmed Combat
 + Level 2.4 Spellcasting
 + Level 1.6 Conjurations
 + Level 3.5 Fire Magic


You had 5 spell levels left.
You knew the following spells:

 Your Spells              Type           Power        Failure   Level  Hunger
a - Flame Tongue          Conj/Fire      ##...        7%          1    #......

Your spell library contained the following spells:

 Spells                   Type           Power        Failure   Level  Hunger
 Throw Flame              Conj/Fire      ##....       11%         2    ###....
 Conjure Flame            Conj/Fire      ##......     21%         3    ###....
 Inner Flame              Hex/Fire       #.......     28%         3    ###....
 Sticky Flame             Conj/Fire      ##......     56%         4    #####..
 Fireball                 Conj/Fire      ##........   88%         5    ######.


Dungeon Overview and Level Annotations

Branches:
Dungeon (2/15)

Altars:


Innate Abilities, Weirdness & Mutations

Your plain brown scales are hard. (AC +5)
You cannot fit into any form of body armour.
You are cold-blooded and may be slowed by cold attacks.


Message History

* * * LOW HITPOINT WARNING * * *
You feel sick. The adder closely misses you.
You barely miss the adder.
The adder is heavily wounded.
* * * LOW HITPOINT WARNING * * *
You feel sick.
The adder bites you but does no damage. x2
You hit the adder.
The adder is severely wounded.
The adder barely misses you.
You closely miss the adder.
The adder is severely wounded.
* * * LOW HITPOINT WARNING * * *
You feel sick. The adder barely misses you. The adder closely misses you.
You hit the adder.
You kill the adder!
* * * LOW HITPOINT WARNING * * *
You feel sick.
You aren't carrying any potions.
You are feeling hungry.
You die...

##........## ##....#
######.#...###.###.#
# #...#.#..#.####.#
# #.##....#.###...#
# #...........#.###
# #.#########.#.# #
#...>..# #.#.# #
#.####.# #.#†# # #.#
##.## #)#@# #
#.###...###)#.#
####.##.....##.#.#
.................# #
####.##.....###### #
.....##....## #
#######.#.## # #
#.#.# ########## #
#.#.## #.........


There were no monsters in sight!

Vanquished Creatures
  An adder (D:1)
  3 oozes (D:1)
  A dart slug (D:1)
  A ball python (D:1)
  3 bats
  A goblin (D:2)
  7 hobgoblins
  4 jackals (D:1)
  3 frilled lizards
  3 kobolds (D:1)
  3 rats
30 creatures vanquished.

Notes
Turn   | Place    | Note
-------+----------+-------------------------------------------
     0 | D:1      | Fortress the Draconian Fire Elementalist began the quest
                  | for the Orb.
     0 | D:1      | Reached XP level 1. HP: 14/14 MP: 3/3
   164 | D:1      | Reached XP level 2. HP: 20/20 MP: 0/5
   987 | D:1      | Reached XP level 3. HP: 26/26 MP: 3/6
  1159 | D:1      | HP: 1/26 [poisoned by an adder]
  1161 | D:1      | Succumbed to an adder's poison

Skill      XL: |  1  2  3 |
---------------+----------+-----
Stealth        | 2 |  2.4
Dodging        | 2 |  2.0
Unarmed Combat | |  0.3
Spellcasting   | |  2.4
Conjurations   | |  1.6
Fire Magic     | |  3.5

Action                   || total
-------------------------++-------
Melee: Unarmed           ||    34
       Short sword       ||    27
       Tailslap          ||     4
 Cast: Flame Tongue      ||    46
  Eat: Chunk             ||     1
Armor: Skin              ||    42
Dodge: Dodged            ||    49
